 Dungeon Crawl Stone Soup version 0.28.0-53-g5a82cb258f (webtiles) character file.

Game seed: 14823262022543177113

91 SanguineChosen the Covered (level 4, -2/29 HPs)
             Began as a Gargoyle Fighter on June 30, 2022.
             Slain by a goblin
             ... wielding a +0 dagger
              (3 damage)
             ... on level 3 of the Dungeon.
             The game lasted 00:05:49 (3073 turns).

SanguineChosen the Covered (Gargoyle Fighter)       Turns: 3073, Time: 00:05:50

Health: -2/29      AC: 10    Str: 22    XL:     4   Next: 59%
Magic:  4/4        EV:  9    Int:  8    God:
Gold:   58         SH:  4    Dex:  9    Spells: 3/3 levels left

rFire   + . .      SeeInvis .   a - +0 flail
rCold   + . .      Faith    .   c - +0 buckler
rNeg    + . .      Spirit   .   b - +0 scale mail
rPois   ∞          Reflect  .   (no helmet)
rElec   +          Harm     .   (no cloak)
rCorr   .          Rampage  .   (no gloves)
Will    .....                   (no boots)
Stlth   ..........              (no amulet)
HPRegen 0.09/turn               h - ring of Onwewnij {rF+ rC+}
MPRegen 0.09/turn               (no ring)

@: mighty
A: sickness immunity, AC +3, negative energy resistance 1, electricity
resistance, torment resistance 1, petrification resistance
a: no special abilities


You were on level 3 of the Dungeon.
You visited 1 branch of the dungeon, and saw 3 of its levels.

You collected 58 gold pieces.

Inventory:

Hand Weapons
 a - a +0 flail (weapon)
Armour
 b - a +0 scale mail (worn)
 c - a +0 buckler (worn)
Jewellery
 h - the ring of Onwewnij (left hand) {rF+ rC+}
   (You found it on level 2 of the Dungeon)

   [ring of protection from cold]

   rF:        It protects you from fire.
   rC:        It protects you from cold.
Scrolls
 e - 2 scrolls of vulnerability {unknown}
 f - 2 scrolls of identify {unknown}
Potions
 g - a potion of berserk rage {unknown}
 i - a potion of brilliance {unknown}
 j - a potion of curing {unknown}


   Skills:
 + Level 3.8 Fighting
 + Level 3.2 Maces & Flails
 + Level 4.0 Armour
 + Level 0.5 Dodging
 + Level 3.6 Shields


You had 3 spell levels left.
You didn't know any spells.
Your spell library was empty.

Dungeon Overview and Level Annotations

Branches:
Dungeon (3/15)

Altars:


Innate Abilities, Weirdness & Mutations

You are immune to sickness and miasma.
Your stone body is resilient. (AC +3)
You are immune to poison.
You resist negative energy. (rN+)
You are resistant to electric shocks. (rElec)
You are resistant to unholy torment.
You are immune to petrification.


Message History

No target in view!
You see here a +0 whip.
You open the door.
There is an open door here.
j - a brown potion A goblin comes into view.
It is wielding a +0 dagger.
Found 16 gold pieces.
Found a stone staircase leading down.
The goblin shouts!
The goblin moves out of view.
No target in view!
No target in view!
No target in view!
No target in view!
No target in view!
Found 24 arrows.
An ogre comes into view. It is wielding a +0 giant club.
The ogre shouts!
The goblin hits you with a +0 dagger.
You closely miss the goblin. You block the goblin's attack.
A hobgoblin comes into view.
You barely miss the goblin.
The hobgoblin shouts!
You block the goblin's attack.
You sock the ogre!
The ogre is moderately wounded.
The goblin hits you but does no damage. The ogre closely misses you.
The goblin hits you but does no damage.
You thump the ogre!
The ogre is severely wounded.
The ogre hits you with a +0 giant club!
Ouch! That really hurt!
The goblin barely misses you.
You feel very mighty all of a sudden. The goblin closely misses you.
The ogre hits you with a +0 giant club!
* * * LOW HITPOINT WARNING * * *
You closely miss the ogre.
The ogre is severely wounded.
The goblin hits you but does no damage. You block the ogre's attack.
The goblin hits you with a +0 dagger.
You die...

.# .# .# .# .# .# # ####
.### #.#..
...#########.#.#########
<...........$...@g...>.#
##..########.#.#Og#.##.#
##.# # #.#..#
###.######## #.#..#
............ #.#...
###..#########.##.##
.....#.........# .#
####...######### .# #
#...#


You could see an ogre, a hobgoblin and a goblin.

Vanquished Creatures
  2 adders (D:2)
  An ufetubus (D:3)
  3 worms (D:2)
  2 dart slugs (D:1)
  4 endoplasms
  4 giant cockroaches
  3 goblins
  3 hobgoblins
  4 jackals (D:2)
  A quokka (D:2)
  11 ball pythons
  2 bats (D:2)
  3 frilled lizards (D:1)
  7 kobolds
  4 rats (D:1)
54 creatures vanquished.

Vanquished Creatures (others)
  2 plants (D:1)
2 creatures vanquished.

Grand Total: 56 creatures vanquished

Notes
Turn   | Place    | Note
-------+----------+-------------------------------------------
     0 | D:1      | SanguineChosen the Gargoyle Fighter began the quest for the
                  | Orb.
     0 | D:1      | Reached XP level 1. HP: 14/14 MP: 1/1
   615 | D:1      | Reached XP level 2. HP: 19/19 MP: 2/2
   843 | D:1      | Found a faded altar of an unknown god.
   972 | D:1      | Reached XP level 3. HP: 12/23 MP: 3/3
  1849 | D:2      | Reached XP level 4. HP: 27/28 MP: 4/4
  1964 | D:2      | Identified the ring of Onwewnij {rF+ rC+}
  2900 | D:3      | Reached skill level 4 in Armour
  3066 | D:3      | Noticed an ogre
  3072 | D:3      | HP: 1/29 [ogre/+0 giant club (12)]
  3073 | D:3      | Slain by a goblin

Illustrated notes

Levels and vault maps discovered:
D:1:      minmay_arrival_floating_metal, layout_basic, basic_ecumenical_altar,
          minmay_shallow_snake_nest
D:2:      layout_loops_ring, kennysheep_generic_room_3
D:3:      layout_basic, kennysheep_vampire_church

Skill      XL: |  1  2  3  4 |
---------------+-------------+-----
Maces & Flails | 3 |  3.2
Armour         | 4 |  4.0
Fighting       | |  3.8
Dodging        | |  0.5
Shields        | |  3.6

Action                   |  1- 3 |  4- 6 || total
-------------------------+-------+-------++-------
Melee: Flail             |   138 |    63 ||   201
  Use: Potion            |       |     1 ||     1
Armor: Scale mail        |    75 |    36 ||   111
Dodge: Dodged            |    62 |    32 ||    94
Block: Buckler           |    30 |    13 ||    43
